 Dungeon Crawl Stone Soup version 0.31-a0-441-g867994ef1c (webtiles) character file.

Game seed: 3666233544744699276

420 horus123 the Conjurer (level 7, -4/46 HPs)
             Began as a Human Conjurer on Aug 3, 2023.
             Slain by a hornet (10 damage)
             ... on level 6 of the Dungeon.
             The game lasted 00:06:32 (4468 turns).

horus123 the Conjurer (Human Conjurer)              Turns: 4468, Time: 00:06:33

Health: -4/46      AC:  3    Str:  8    XL:     7   Next: 16%
Magic:  11/13      EV: 12    Int: 20    God:
Gold:   99         SH:  0    Dex: 11    Spells: 7/14 levels left

rFire   . . .        l - +2 dagger (holy)
rCold   + . .        (no shield)
rNeg    . . .        a - +0 robe
rPois   .            (no helmet)
rElec   .            p - scarf {+Inv}
rCorr   .            (no gloves)
SInv    .            q - +0 pair of boots
Will    .....        (no amulet)
Stlth   ++           i - ring of protection from cold
HPRegen 0.27/turn    (no ring)
MPRegen 0.13/turn

%: no passive effects
@: slowed, very slow
A: no striking features
a: Evoke Invisibility


You were on level 6 of the Dungeon.
You visited 1 branch of the dungeon, and saw 5 of its levels.

You collected 99 gold pieces.

Inventory:

Hand Weapons
 l - a +2 dagger of holy wrath (weapon)
Armour
 a - a +0 robe (worn)
 p - a scarf of invisibility (worn)
 q - a +0 pair of boots (worn)
Jewellery
 i - a ring of protection from cold (left hand)
Scrolls
 d - 2 scrolls of fog {unknown}
 g - a scroll of identify {unknown}
 k - 2 scrolls of fear {unknown}
 o - a scroll of silence {unknown}
Potions
 c - a potion of curing {unknown}
 e - a potion of mutation {unknown}
 f - a potion of cancellation {unknown}
 h - 3 potions of enlightenment {unknown}
 j - a potion of lignification {unknown}
 m - 2 potions of invisibility {unknown}
 n - a potion of berserk rage {unknown}
 r - a potion of resistance {unknown}


   Skills:
 - Level 2.0 Dodging
 - Level 2.0 Stealth
 - Level 4.0 Spellcasting
 + Level 5.2 Conjurations
 - Level 4.3 Translocations


You had 7 spell levels left.
You knew the following spells:

 Your Spells              Type           Power      Damage    Failure   Level
a - Magic Dart            Conj           100%       1d8       1%          1
b - Searing Ray           Conj           50%        2d6       2%          2
c - Iskenderun's Mystic   Conj/Tloc      23%        2d6       19%         4

Your spell library contained the following spells:

 Spells                   Type           Power      Damage    Failure   Level
 Dazzling Flash           Conj/Hex       28%        N/A       13%         3
 Fulminant Prism          Conj/Hex       7%         3d7       41%         4


Dungeon Overview and Level Annotations

Branches:
Dungeon (4/15)
 Temple: D:4-7

Altars:

Shops:
D:2 (   D:3 =


Message History

The bullfrog is moderately wounded. (Press . to maintain the ray.)
The searing ray hits the bullfrog.
The bullfrog is heavily wounded.
The bullfrog closely misses you.
Casting: Searing Ray (safe; 2% risk of failure)
Confirm with . or Enter, or press ? or * to list all spells.
The spell is quite dangerous to miscast (19% risk of failure)!
Continue anyway?
You erupt in a blast of force!
The mystic blast hits the hornet but does no damage.
The mystic blast hits the bullfrog!
The bullfrog is almost dead.
The bullfrog is knocked back by the mystic blast.
The bullfrog slams into the rock wall!
You kill the bullfrog!
The hornet stings you!
You suddenly lose the ability to move!
Your Conjurations skill increases to level 5!
You have reached level 7!
The hornet stings you!
You feel yourself slow down.
You can move again.
Magic courses through your body.
The hornet stings you but does no damage.
The hornet stings you!
* * * LOW HITPOINT WARNING * * *
You shrug off the repeated paralysis!
Casting: Iskenderun's Mystic Blast (quite dangerous; 19% risk of failure)
Confirm with . or Enter, or press ? or * to list all spells.
Aiming: Searing Ray (safe; 2% risk of failure)
Press: ? - help, Shift-Dir - straight line, f - hornet
Aim: a hornet (69% to hit)
The searing ray misses the hornet. (Press . to maintain the ray.)
You feel yourself speed up. The hornet closely misses you.
The hornet stings you!
* * * LOW HITPOINT WARNING * * *
You feel yourself slow down. The hornet barely misses you.
The searing ray hits the hornet.
The hornet is lightly wounded.
The hornet barely misses you. The hornet stings you!
You die...

## ######
.. .....#
#. #.##.#
#. #.##.#
#. #.##.#
#y##.##.#
#.@.....#
####.####
#.#
####.####
#.......#
##
#.##.##.#
.#
#.##.##.#
.#
#.##.##.#
.#
#.##[##.#


You could see a hornet.

Vanquished Creatures
  A black bear (D:4)
  A bullfrog (D:6)
  An orc priest (D:6)
  A gnoll bouda (D:4)
  3 orc wizards
  4 gnolls
  An adder (D:6)
  An ufetubus (D:4)
  2 worms (D:2)
  A dart slug (D:4)
  8 orcs
  3 bats
  4 endoplasms
  3 giant cockroaches (D:1)
  7 goblins
  4 hobgoblins
  8 jackals
  2 quokkas
  6 ball pythons
  2 frilled lizards (D:1)
  6 kobolds
  6 rats
75 creatures vanquished.

Notes
Turn   | Place    | Note
-------+----------+-------------------------------------------
     0 | D:1      | horus123 the Human Conjurer began the quest for the Orb.
     0 | D:1      | Reached XP level 1. HP: 13/13 MP: 3/3
   280 | D:1      | Reached XP level 2. HP: 19/19 MP: 1/5
   417 | D:1      | Learned a level 2 spell: Searing Ray
   556 | D:1      | Reached XP level 3. HP: 24/24 MP: 1/7
  1717 | D:2      | Reached XP level 4. HP: 30/30 MP: 5/9
  1762 | D:2      | Found Ulutid's Antique Weapon Emporium.
  2032 | D:3      | Learned a level 4 spell: Iskenderun's Mystic Blast
  2406 | D:3      | Reached skill level 1 in Translocations
  2746 | D:3      | Found Weubiocvua's Jewellery Shoppe.
  3145 | D:4      | Reached XP level 5. HP: 35/35 MP: 6/11
  3634 | D:4      | Noticed a black bear
  3913 | D:4      | Killed a black bear
  3914 | D:4      | Reached XP level 6. HP: 3/41 MP: 2/12
  4268 | D:4      | You fall into a shaft and drop 2 floors!
  4461 | D:6      | Noticed a hornet
  4464 | D:6      | Paralysed by a hornet for 2 turns
  4465 | D:6      | Reached skill level 5 in Conjurations
  4465 | D:6      | Reached XP level 7. HP: 38/46 MP: 4/13
  4468 | D:6      | Slain by a hornet

Illustrated notes

Levels and vault maps discovered:
D:1:      psy_arrival_fountain, layout_rooms, minmay_door_square,
          kennysheep_minor_cross
D:2:      layout_rooms, serial_shops, shop_statue
D:3:      layout_basic, serial_shops, nicolae_shop_stone, minmay_misc_feat_alley
D:4:      layout_rooms, kiku_gazebo_garden_becter,
          minmay_temple_entry_drinking_statues
D:6:      layout_loops_cross, mainiacjoe_overflow_chevrons,
          ebering_dispersal_statue_hall, minmay_misc_feat_nine_boxes,
          uniq_crazy_yiuf_cottage, uniq_menkaure, uniq_maggie

Skill      XL: |  1  2  3  4  5  6 |
---------------+-------------------+-----
Spellcasting   | 3 4 |  4.0
Translocations | 1 4 |  4.3
Conjurations   | 5 |  5.2
Dodging        | |  2.0
Stealth        | |  2.0

Action                     |  1- 3 |  4- 6 |  7- 9 || total
---------------------------+-------+-------+-------++-------
  Melee: Short sword       |     4 |       |       ||     4
         Dagger            |       |    31 |       ||    31
   Cast: Magic Dart        |    60 |    76 |       ||   136
         Searing Ray       |     2 |    11 |     1 ||    14
         Iskenderun's Myst |       |     1 |       ||     1
    Use: Potion            |       |       |     1 ||     1
 Armour: Robe              |     3 |     5 |     1 ||     9
  Dodge: Dodged            |     8 |    39 |     3 ||    50

Table legend: (Time is in decaauts)
 A = Elapsed time spent in this place.
 B = Non-inter-level travel time spent in this place.
 C = Inter-level travel time spent in this place.
 D = Time resting spent in this place.
 E = Time spent auto-exploring this place.
 F = Levels seen in this place.
 G = Mean time per level.
                   A        B        C        D        E       F      G
               +--------+--------+--------+--------+--------+-----+--------+
         Total |   4471 |   4384 |     87 |   1109 |   2706 |   5 |  894.2 |
       Dungeon |   4471 |   4384 |     87 |   1109 |   2706 |   5 |  894.2 |
               +--------+--------+--------+--------+--------+-----+--------+

Top non-repeatable levels by time:
     D:3: 1814 daAuts
     D:1: 1400 daAuts
     D:2: 594 daAuts
     D:4: 462 daAuts
     D:6: 200 daAuts
